 Dungeon Crawl Stone Soup version 0.14-a0-1007-gacdcbbe (webtiles) character file.

21660 PolkaDot the Cloud Mage (level 12, -3/74 HPs)
             Began as a Vampire Conjurer on Nov 22, 2013.
             Was the Champion of Sif Muna.
             Slain by a seven-headed hydra (15 damage)
             ... on Level 3 of the Lair of Beasts on Nov 23, 2013.
             The game lasted 02:12:16 (21138 turns).

PolkaDot the Cloud Mage (Vampire Conjurer)         Turns: 21138, Time: 02:12:16

HP  -3/74        AC 14     Str  7      XL: 12   Next: 54%
MP  17/25        EV 12     Int 21      God: Sif Muna [******]
Gold 205         SH 12     Dex 14      Spells:  7 memorised,  2 levels left

Res.Fire  : + . .   See Invis. : +   L - +3,-2 long sword of Karma {slice, rF+ rC+ SInv}
Res.Cold  : + + +   Warding    : .   h - +4 skin of Zhor {rC++}
Life Prot.: + . .   Conserve   : .   Q - +2 elf buckler
Res.Poison: +       Res.Corr.  : .   I - +0 winged helmet
Res.Elec. : .       Clarity    : .   u - +2 cloak
Sust.Abil.: . .     Spirit.Shd : .   w - +0 pair of elf gloves
Res.Mut.  : .       Stasis     : .   j - +2 pair of dwarf boots {run} (curse)
Res.Rott. : .       Flight     : .   (no amulet)
Saprovore : . . .                    r - ring of sustenance
                                     k - ring of poison resistance

@: very quick, somewhat resistant to hostile enchantments, stealthy
A: bottle blood, fangs 3, see invisible, blink 1, speed 1, unbreathing
a: Bat Form, Bottle Blood, Blink, Channel Energy, Forget Spell, Renounce
Religion


You were on level 3 of the Lair of Beasts.
You worshipped Sif Muna.
Sif Muna was exalted by your worship.
You were not thirsty.

You visited 3 branches of the dungeon, and saw 15 of its levels.
You also visited: Sewer and Ice Cave.

You collected 868 gold pieces.
You spent 663 gold pieces at shops.

Inventory:

Hand weapons
 L - the +3,-2 long sword of Karma (weapon) {slice, rF+ rC+ SInv}
   (You found it on level 11 of the Dungeon)

   It inflicts extra damage upon your enemies.
   It protects you from fire.
   It protects you from cold.
   It enhances your eyesight.
Armour
 h - the +4 skin of Zhor (worn) {rC++}
   (You found it on level 10 of the Dungeon)

   It greatly protects you from cold.
 j - a cursed +2 pair of dwarven boots of running (worn)
 u - a +2 cloak (worn)
 w - a +0 pair of elven gloves (worn)
 I - a +0 winged helmet (worn)
 Q - a +2 elven buckler (worn)
Magical devices
 a - a wand of digging (9)
Scrolls
 d - 8 scrolls of teleportation
 f - 2 scrolls of fear
 g - 2 scrolls of blinking
 o - a scroll of fog
 t - a scroll of enchant weapon II
 x - 6 scrolls of recharging
 y - 4 scrolls of remove curse
 A - a scroll of immolation
 H - a scroll of noise
 O - 2 scrolls of identify
Jewellery
 k - a ring of poison resistance (left hand)
 r - a ring of sustenance (right hand)
Potions
 b - 6 potions of restore abilities
 m - 6 potions of curing
 p - a potion of brilliance
 v - 4 potions of flight
 E - 2 potions of mutation {!q}
 F - 2 potions of resistance
 N - 3 potions of agility
Books
 c - a book of Conjurations

   Spells                             Type                      Level
   *Magic Dart                        Conjuration                  1
   *Searing Ray                       Conjuration                  2
   Dazzling Spray                     Conjuration/Hexes            3
   *Iskenderun's Mystic Blast         Conjuration                  4
   *Iskenderun's Battlesphere         Conjuration/Charms           4
   *Fulminant Prism                   Conjuration/Hexes            5
 i - a book of Clouds

   Spells                             Type                      Level
   Mephitic Cloud                     Conjuration/Poison/Air       3
   Conjure Flame                      Conjuration/Fire             3
   Poisonous Cloud                    Conjuration/Poison/Air       6
   Freezing Cloud                     Conjuration/Ice/Air          6
   Ring of Flames                     Charms/Fire                  7
 q - Sif Muna's Almanac of Damaging Air
   (Sif Muna gifted it to you on level 2 of the Lair of Beasts)

   Spells                             Type                      Level
   Shock                              Conjuration/Air              1
   Deflect Missiles                   Charms/Air                   6
   Conjure Ball Lightning             Conjuration/Air              6
   Freezing Cloud                     Conjuration/Ice/Air          6
 z - a book of Dreams

   Spells                             Type                      Level
   Ensorcelled Hibernation            Hexes/Ice                    2
   *Flight                            Charms/Air                   3
   Phase Shift                        Translocation                5
   Shadow Creatures                   Summoning                    5
   Mass Confusion                     Hexes                        6
   Darkness                           Hexes                        7
 M - Sif Muna's Handbook of Boosts
   (Sif Muna gifted it to you on level 11 of the Dungeon)

   Spells                             Type                      Level
   Shroud of Golubria                 Charms/Translocation         2
   Freezing Aura                      Charms/Ice                   2
   *Repel Missiles                    Charms/Air                   2
   Spectral Weapon                    Hexes/Charms                 3
   Warp Weapon                        Charms/Translocation         5


   Skills:
 - Level 2.1 Dodging
 - Level 3.0 Stealth
 - Level 4.0 Shields
 * Level 6.0 Spellcasting
 + Level 10.6 Conjurations
 + Level 4.9 Hexes
 - Level 10.6 Charms
 + Level 11.0 Air Magic


You had 2 spell levels left.
You knew the following spells:

 Your Spells              Type           Power        Failure   Level  Hunger
a - Magic Dart            Conj           ####         1%          1    None
c - Fulminant Prism       Conj/Hex       #####.....   14%         5    #####..
d - Iskenderun's Mystic   Conj           ######..     1%          4    ####...
s - Searing Ray           Conj           ######       1%          2    None
x - Iskenderun's Battles  Conj/Chrm      ######..     1%          4    ####...
D - Repel Missiles        Chrm/Air       ######....   1%          2    None
F - Flight                Chrm/Air       ######....   1%          3    ##.....


Dungeon Overview and Level Annotations

Branches:
Dungeon (11/16)            Temple (1/1) D:4             Orc (0/4) D:11
   Lair (3/8) D:11
  Swamp: Lair:3-6    Shoals: Lair:3-6     Snake: Lair:3-6    Spider: Lair:3-6

Altars:
Ashenzari
Cheibriados
Elyvilon
Fedhas
Kikubaaqudgha
Makhleb
Nemelex Xobeh
Okawaru
Sif Muna
Trog
Vehumet
Xom
Yredelemnul
Zin
the Shining One

Shops:
D:5 !

Annotations:
Lair:3 Rupert


Innate Abilities, Weirdness & Mutations

You can bottle blood from corpses.
You have razor-sharp teeth.*
You have supernaturally acute eyesight.
You can survive without breathing.*
You can translocate small distances at will.+ You cover ground quickly.*+


Message History

Casting: Iskenderun's Battlesphere
Confirm with . or Enter, or press ? or * to list all spells.
Aiming: Iskenderun's Mystic Blast
Press: ? - help, Shift-Dir - straight line, f - seven-headed hydra
Aim: a seven-headed hydra The orb of energy misses the seven-headed hydra.
Your battlesphere fires!
The barrage of energy hits the seven-headed hydra.
The seven-headed hydra is moderately wounded.
The seven-headed hydra bites you but does no damage.
The seven-headed hydra closely misses you.
You block the seven-headed hydra's attack.
The seven-headed hydra bites you but does no damage.
The seven-headed hydra completely misses you.
The seven-headed hydra bites you but does no damage.
You block the seven-headed hydra's attack.
The seven-headed hydra bites you!
* * * LOW HITPOINT WARNING * * *
The seven-headed hydra bites you!
You die...

###f .. .. ...*..
.#...P. ##
......#
##.##.##.......
........D........
........@....>..#
#.##.###f.......#
##.####.# ##


You could see a seven-headed hydra.

Vanquished Creatures
  Fannar (D:10)
  A hydra (Lair:2)
  A centaur warrior (D:9)
  2 ice statues (IceCv)
  2 hill giants
  Pikel (D:8)
  An oklob plant (D:8)
  Joseph (D:8)
  A cyclops (D:11)
  A spiny frog (Lair:1)
  A queen bee (Lair:2)
  2 trolls
  A two-headed ogre (D:11)
  A fire dragon zombie (D:11)
  2 basilisks
  15 yaks
  3 sharks (D:11)
  A hungry ghost (D:10)
  2 wyverns
  6 hippogriffs
  Edmund (D:9)
  A manticore (D:9)
  2 necrophages
  8 orc warriors
  2 phantoms
  3 sky beasts (D:9)
  A deep dwarf (D:8)
  A slave (D:8)
  2 black bears (D:6)
  3 porcupines
  8 ice beasts
  5 ogres
  2 giant goldfish (D:11)
  4 crocodiles
  6 centaurs
  A giant slug (Lair:2)
  2 water moccasins
  2 gnoll sergeants (D:8)
  A brain worm (D:11)
  An agate snail (Lair:2)
  11 giant frogs
  A cyclops skeleton (D:11)
  42 killer bees
  A yak zombie (D:9)
  5 wights (D:9)
  3 electric eels (D:11)
  7 crimson imps
  A centaur zombie (D:11)
  2 goliath beetles
  9 hounds
  6 orc priests
  A big fish (D:11)
  Crazy Yiuf (D:5)
  3 scorpions
  5 jellies
  5 worker ants
  4 iguanas
  11 orc wizards
  A hound skeleton (D:4)
  A hound zombie (D:8)
  16 adders
  17 gnolls
  2 giant centipedes
  11 green rats
  An inept feature mimic (D:5)
  4 giant mites
  A goliath beetle zombie (D:7)
  11 white imps (Lair:2)
  14 worms
  2 giant eyeballs
  9 giant geckos
  5 oozes (Sewer)
  35 orcs
  9 giant cockroaches
  A gnoll zombie (D:7)
  10 goblins
  14 hobgoblins
  15 kobolds
  2 quokkas
  2 ball pythons (D:1)
  27 bats
  A giant cockroach zombie (D:5)
  9 giant newts
  3 giant spores
  21 jackals
  A jackal skeleton (D:4)
  An orc skeleton (D:5)
  2 orc zombies (D:8)
  13 rats
  A rat zombie (D:8)
  37 ballistomycetes
  A fungus (Lair:2)
520 creatures vanquished.

Vanquished Creatures (others)
  3 slaves (D:8)
  An ogre (D:8)
  2 gnolls (D:8)
  A white imp (Lair:2)
  5 fulminant prisms (IceCv)
  3 giant spores (D:8)
  A ballistomycete (D:8)
16 creatures vanquished.

Grand Total: 536 creatures vanquished

Notes
Turn   | Place    | Note
--------------------------------------------------------------
     0 | D:1      | PolkaDot, the Vampire Conjurer, began the quest for the Orb.
     0 | D:1      | Reached XP level 1. HP: 13/13 MP: 4/4
   281 | D:1      | Reached XP level 2. HP: 19/19 MP: 3/5
   814 | D:1      | Learned a level 2 spell: Searing Ray
   874 | D:2      | Reached XP level 3. HP: 20/24 MP: 0/6
  1262 | D:2      | Reached skill level 5 in Spellcasting
  1262 | D:2      | Reached skill level 7 in Conjurations
  1262 | D:2      | Reached XP level 4. HP: 30/30 MP: 5/12
  1363 | D:2      | Found a bloodstained altar of Trog.
  1412 | D:2      | Learned a level 4 spell: Iskenderun's Mystic Blast
  1417 | D:2      | Learned a level 4 spell: Iskenderun's Battlesphere
  1532 | D:2      | Reached XP level 5. HP: 28/35 MP: 3/14
  1882 | D:2      | Somebody: I feel humbled. Elliptic's bot called "qw" have just won the game. :)
  1885 | D:2      | PolkaDot: Niiice
  1885 | D:2      | PolkaDot: Guess what I just got?
  1885 | D:2      | PolkaDot: (clue, look at my XL)
  1885 | D:2      | PolkaDot: :D
  2230 | D:2      | Found a white marble altar of Elyvilon.
  2230 | D:2      | Found a sparkling altar of Nemelex Xobeh.
  2375 | D:3      | Somebody: I see. Congradulations.
  2375 | D:3      | Somebody: In what skills have you put it?
  2375 | D:3      | PolkaDot: spellcasting and Conj
  2375 | D:3      | PolkaDot: with conj focused
  2375 | D:3      | Somebody: Good choice.
  2375 | D:3      | PolkaDot: thanks :3
  2771 | D:3      | Somebody: Can I see your 'm'?
  2773 | D:3      | Somebody: Not bad at all.
  2773 | D:3      | PolkaDot: I want conj in double figures, than hopefully I can get some dodgin in before a proper focus on an Element
  2773 | D:3      | PolkaDot: then*
  2909 | D:3      | Found a glowing golden altar of the Shining One.
  2953 | D:4      | Found a staircase to the Ecumenical Temple.
  2980 | Temple   | Entered the Ecumenical Temple
  3090 | D:4      | Somebody: Good luck with that.
  3092 | D:4      | Somebody: ...wait!
  3094 | D:4      | Paralysed by a giant eyeball for 2 turns
  3094 | D:4      | Somebody: You've forgot to join a religion.
  3108 | D:4      | PolkaDot: Nope
  3108 | D:4      | PolkaDot: I could go Ash
  3108 | D:4      | Somebody: Oh, no Vehumet altar. Sorry, my bad.
  3108 | D:4      | PolkaDot: But My starter spells are sufficiently powerful I don't need the xp boost, so I might as well wait for one the magic-focused
  3108 | D:4      | PolkaDot: I'd be happy with sif thanks to the bost :D
  3108 | D:4      | PolkaDot: since the time taken for the gifts won't be wuite so difficult
  3252 | D:4      | Noticed a phantom
  3253 | D:4      | Noticed an ogre
  3279 | D:4      | Somebody: I think you would have been far beter if you quaffed the potion after joining Sif Muna, but it was probably unidentified, was it?
  3281 | D:4      | Killed a phantom
  3281 | D:4      | Reached skill level 8 in Conjurations
  3281 | D:4      | Reached skill level 1 in Charms
  3281 | D:4      | Reached XP level 6. HP: 41/41 MP: 1/17
  3282 | D:4      | PolkaDot: ye[, quaff-IDed
  3415 | D:4      | Killed an ogre
  3621 | D:4      | Somebody: Good luck with this character.
  3622 | D:4      | PolkaDot: thanks
  3622 | D:4      | Somebody: Watch my replay when you'll start to fell careless and/or bored. :)
  3622 | D:4      | Somebody: It's educational.
  3622 | D:4      | PolkaDot: ^ that's the plan
  3622 | D:4      | PolkaDot: :D
  3622 | D:4      | PolkaDot: good luck with the DENe run :3
  3693 | D:4      | Somebody: ...and good news is — guardian serpents can now blink their allies en masse into your melee range.
  3745 | D:4      | Somebody: Enjoy.
  3745 | D:4      | PolkaDot: :o
  3781 | D:4      | Noticed an ogre
  3789 | D:4      | Killed an ogre
  3789 | D:4      | Reached XP level 7. HP: 24/46 MP: 4/18
  4224 | D:5      | Entered Level 5 of the Dungeon
  4250 | D:5      | Found a bloodstained altar of Trog.
  4525 | D:5      | Found a glowing drain.
  4617 | Sewer    | Entered a sewer
  6182 | D:5      | Found a glowing silver altar of Zin.
  6185 | D:5      | Found an iron altar of Okawaru.
  6188 | D:5      | Found a blossoming altar of Fedhas.
  6191 | D:5      | Found a deep blue altar of Sif Muna.
  6237 | D:5      | Somebody: I'll wacth a movie and perhaps periodically drop by.
  6246 | D:5      | PolkaDot: \o
  6246 | D:5      | PolkaDot: 'lay
  6246 | D:5      | PolkaDot: 'kay*
  6280 | D:5      | Became a worshipper of Sif Muna the Loreminder
  6297 | D:5      | Found Thrustief's Distillery.
  6301 | D:5      | Bought a potion of slowing for 13 gold pieces
  6301 | D:5      | Bought a potion of paralysis for 13 gold pieces
  6433 | D:5      | Noticed Crazy Yiuf
  6441 | D:5      | Killed Crazy Yiuf
  6441 | D:5      | Reached XP level 8. HP: 52/52 MP: 15/20
  6756 | D:6      | Reached skill level 5 in Charms
  6758 | D:6      | Acquired Sif Muna's first power
  6771 | D:6      | Learned a level 3 spell: Flight
  7180 | D:6      | Reached skill level 1 in Air Magic
  7642 | D:7      | Gained mutation: You cover ground quickly. [potion of beneficial mutation]
  8298 | D:7      | Found a radiant altar of Vehumet.
  8419 | D:7      | Reached skill level 9 in Conjurations
  8419 | D:7      | Reached XP level 9. HP: 53/57 MP: 8/21
  9054 | D:8      | Learned a level 5 spell: Fulminant Prism
  9087 | D:8      | Acquired Sif Muna's second power
  9227 | D:8      | Somebody: I have always wondered, why necrophages are wearing striped underwear?
  9228 | D:8      | Somebody: It seems you're doing fine.
  9228 | D:8      | PolkaDot: ...Lawl
  9228 | D:8      | PolkaDot: I have no idea
  9467 | D:8      | Noticed Joseph
  9515 | D:8      | PolkaDot: sonuvvabitch
  9534 | D:8      | Killed Joseph
  9724 | D:8      | Noticed Pikel
  9729 | D:8      | Killed Pikel
  9729 | D:8      | Reached XP level 10. HP: 60/63 MP: 9/22
 10109 | D:8      | Found a glowing silver altar of Zin.
 10110 | D:8      | Noticed an oklob plant
 10126 | D:8      | Killed an oklob plant
 10126 | D:8      | Reached skill level 5 in Air Magic
 11290 | D:9      | Noticed Edmund
 11294 | D:9      | Killed Edmund
 11317 | D:9      | Acquired Sif Muna's third power
 11821 | D:9      | Somebody: Mutation roulette?
 11822 | D:9      | PolkaDot: Joseph
 11822 | D:9      | Somebody: Can't you quaff blood bottled from the sky beast's corpse to mutate?
 11822 | D:9      | Somebody: Joseph?
 11822 | D:9      | PolkaDot: and no I can't
 11822 | D:9      | PolkaDot: he wuafed a healing one blast away frmo death
 11822 | D:9      | PolkaDot: and I was one blast away from the last of my mp
 11829 | D:9      | Somebody: Aww. This is a new character, isn't it?
 11873 | D:9      | PolkaDot: Nope
 11873 | D:9      | PolkaDot: I wuaffed speed and berserk
 11873 | D:9      | PolkaDot: After blasting him with my last blast
 11873 | D:9      | Somebody: Ahh, I didn't see that. Can I see your 'A', then?
 11873 | D:9      | PolkaDot: He took about 1/4 of my full health :3
 11873 | D:9      | Somebody: Very good.
 11873 | D:9      | PolkaDot: I run fast when full ^_^
 11990 | D:9      | Somebody: Any good spells?
 11993 | D:9      | PolkaDot: nothing special yet
 11993 | D:9      | Somebody: Oh.
 11993 | D:9      | PolkaDot: Sif will gift them in time :)
 12017 | D:9      | Somebody: rTele time?
 12017 | D:9      | PolkaDot: possibly
 12017 | D:9      | PolkaDot: I'd rather avoid it, it's gotten me killed many a time
 12158 | D:9      | Somebody: You know what? Chaos Knight time.
 12159 | D:9      | PolkaDot: enjoy :)
 12164 | D:9      | Somebody: See you.
 12331 | D:9      | Noticed a centaur warrior
 12338 | D:9      | Killed a centaur warrior
 12338 | D:9      | Reached XP level 11. HP: 49/68 MP: 12/24
 13366 | D:10     | Entered Level 10 of the Dungeon
 13366 | D:10     | Noticed Fannar
 13366 | D:10     | Noticed a hill giant
 13372 | D:10     | Killed Fannar
 13461 | D:9      | Killed a hill giant
 13742 | D:10     | Reached skill level 10 in Conjurations
 14125 | D:11     | Reached skill level 10 in Charms
 14256 | D:11     | Found a staircase to the Lair.
 14353 | D:11     | Got a smoking long sword
 14354 | D:11     | Identified the cursed +3,-2 long sword of Karma {slice, rF+ rC+ SInv} (You found it on level 11 of the Dungeon)
 14354 | D:11     | Identified the cursed +3,-2 long sword of Karma {slice, rF+ rC+ SInv} (You found it on level 11 of the Dungeon)
 14465 | D:11     | Received a gift from Sif Muna
 14466 | D:11     | Identified Sif Muna's Handbook of Boosts (Sif Muna gifted it to you on level 11 of the Dungeon)
 14470 | D:11     | Learned a level 2 spell: Repel Missiles
 15893 | D:11     | Found a staircase to the Orcish Mines.
 15902 | D:11     | Somebody: Well, there's a good side to CK — once you've survived the early dungeon with them, you can play anything again.
 15912 | D:11     | PolkaDot: xD
 15912 | D:11     | PolkaDot: because surviving Xom takes those kidns of skills? ;p
 16033 | D:11     | Somebody: No, not really.
 16033 | D:11     | PolkaDot: lol
 16054 | D:11     | Somebody: ...but if you can be content being a CK, you perhaps play a demigod.
 16057 | D:11     | PolkaDot: Demigods sound awesome
 16057 | D:11     | PolkaDot: Haven't fone well with one though
 16057 | D:11     | PolkaDot: I'll try a CK a few times to see if that helps :3
 16075 | D:11     | Somebody: :)
 16253 | D:11     | Found a white marble altar of Elyvilon.
 16767 | D:11     | Reached skill level 10 in Air Magic
 16885 | D:11     | Noticed a hill giant
 16891 | D:11     | Killed a hill giant
 17440 | D:5      | Bought 2 potions of resistance for 182 gold pieces
 17441 | D:5      | Bought a potion of beneficial mutation for 455 gold pieces
 17620 | Lair:1   | Entered Level 1 of the Lair of Beasts
 17971 | Lair:1   | Reached skill level 1 in Shields
 17971 | Lair:1   | Reached XP level 12. HP: 74/74 MP: 12/25
 17991 | Lair:1   | Gained mutation: You can translocate small distances at will. [potion of beneficial mutation]
 18433 | Lair:1   | Somebody: What are you wearing?
 18437 | Lair:1   | Somebody: Huh.
 18437 | Lair:1   | Somebody: What does it have as a description?
 18437 | Lair:1   | PolkaDot: Skin of Zhor has some nice rC :D
 18437 | Lair:1   | PolkaDot: Zhor?
 18437 | Lair:1   | Somebody: Yes.
 18437 | Lair:1   | PolkaDot: No Encumberance!!
 18437 | Lair:1   | PolkaDot: Spell cast awayyyyy
 18437 | Lair:1   | Somebody: Not very descriptive, but I think it's good.
 18437 | Lair:1   | PolkaDot: I know it's good ;)
 18437 | Lair:1   | Somebody: +6 AC for no encumberance, plus rC++. Yes, it's definitely good.
 18437 | Lair:1   | PolkaDot: rC++ and no encumberance
 18437 | Lair:1   | PolkaDot: also
 18437 | Lair:1   | Somebody: Now good luck with that inside a volcano. :)
 18437 | Lair:1   | PolkaDot: xD
 18437 | Lair:1   | Somebody: This is good, too.
 18437 | Lair:1   | PolkaDot: The sword gives merF
 18437 | Lair:1   | Somebody: Huh.
 18437 | Lair:1   | PolkaDot: so that's not so bad :p
 18437 | Lair:1   | PolkaDot: me rF*
 18437 | Lair:1   | Somebody: Good for you. :P
 18437 | Lair:1   | Somebody: I'll watch for a bit, perhaps.
 18437 | Lair:1   | PolkaDot: No luck with the jewellry though
 18540 | Lair:1   | Somebody: ...except for a really silly helmet.
 18546 | Lair:1   | PolkaDot: xD
 18546 | Lair:1   | Somebody: Makes you look like a viking vampire.
 18546 | Lair:1   | Somebody: ...with rC+++.
 18546 | Lair:1   | PolkaDot: A little extra AC, just in case, so I'm not complaining :p
 18546 | Lair:1   | PolkaDot: Also remmeber, I run really fast xD
 18672 | Lair:1   | Somebody: Good.
 18673 | Lair:1   | PolkaDot: good mut is good
 18765 | Lair:1   | Somebody: What's your movement delay with the vampire bonus, by the way?
 19004 | Lair:2   | PolkaDot: vamp bonux?
 19004 | Lair:2   | PolkaDot: s
 19005 | Lair:2   | PolkaDot: I just went giddy
 19005 | Lair:2   | Somebody: Aren't vampires fast by their virtue of being undead?
 19005 | Lair:2   | PolkaDot: rC+++ and Ice Cave
 19005 | Lair:2   | PolkaDot: and no
 19005 | Lair:2   | PolkaDot: thought here is a boost in bat form
 19005 | Lair:2   | PolkaDot: it's not intrinsic normally
 19062 | Lair:2   | Somebody: :) Enjoy, but remember, they can have ice dragons and giants. ...and player ghosts. :p
 19069 | Lair:2   | PolkaDot: Yeeaahhh
 19069 | Lair:2   | PolkaDot: I need bigger nukes :)
 19108 | Lair:2   | Somebody: I've had a MiFi ghost attack two ice dragons for me yesterday.
 19112 | Lair:2   | Somebody: It was amusing.
 19141 | Lair:2   | PolkaDot: Niiice
 19189 | Lair:2   | Got a pitted long sword
 19190 | Lair:2   | Identified the +9,+2 long sword "Coheu" {slice, SInv} (You found it on level 2 of the Lair of Beasts)
 19190 | Lair:2   | Identified the +9,+2 long sword "Coheu" {slice, SInv} (You found it on level 2 of the Lair of Beasts)
 19208 | Lair:2   | Somebody: ...it's insulting, how I was able to kill those two dragons with ease, but splatted at the Pit.
 19208 | Lair:2   | Somebody: Have magic mapping?
 19208 | Lair:2   | PolkaDot: It happens
 19208 | Lair:2   | PolkaDot: Probably
 19208 | Lair:2   | PolkaDot: forgot about that
 19208 | Lair:2   | PolkaDot: I should ID all of my scrolls xD;
 19224 | Lair:2   | Somebody: In any case, you still have a lot of time.
 19237 | Lair:2   | PolkaDot: Yep, not too worried :)
 19262 | Lair:2   | Identified a scroll of acquirement
 19262 | Lair:2   | PolkaDot: Hrm
 19262 | Lair:2   | Somebody: Congradulations, you will die horribly soon enough. :p
 19262 | Lair:2   | PolkaDot: I've IDed a few wands, so maybe that
 19262 | Lair:2   | Somebody: Heal wounds should be very nice.
 19262 | Lair:2   | PolkaDot: it's that or Jewellery
 19262 | Lair:2   | Somebody: Ohh, you can acquire Blood.
 19262 | Lair:2   | PolkaDot: Though staff may give something nice
 19262 | Lair:2   | Somebody: What, exactly? You don't really need Energy.
 19262 | Lair:2   | PolkaDot: Elemental boost
 19262 | Lair:2   | PolkaDot: especially if Sif gives me something powerful
 19262 | Lair:2   | PolkaDot: LikeTornado
 19262 | Lair:2   | PolkaDot: But it's a big maybe
 19262 | Lair:2   | Somebody: I still think jewellery might be better, but if you haven't id'd a lot yet, you can receive just a plain magical ring.
 19262 | Lair:2   | Somebody: ...which will be unpleasant, if it's not magic.
 19262 | Lair:2   | PolkaDot: yeeaaahhhh
 19262 | Lair:2   | PolkaDot: Not alot of wands or jewellery IDed
 19262 | Lair:2   | Somebody: Armour, perhaps? You find a lot of staves easily enough, in my experience.
 19262 | Lair:2   | PolkaDot: Fair point
 19262 | Lair:2   | Somebody: ...and you have all the slots covered, so no useless plain aux slots.
 19262 | Lair:2   | PolkaDot: What's armour likely to give though?
 19262 | Lair:2   | Somebody: Something you can use, in it's opinion.
 19262 | Lair:2   | Somebody: ...something you haven's seen yet.
 19262 | Lair:2   | PolkaDot: Shocking strength and no armour skills....
 19262 | Lair:2   | Somebody: Robe?
 19262 | Lair:2   | PolkaDot: It should pity me and give something light and easy xD
 19262 | Lair:2   | PolkaDot: Sure, I'll go armour :)
 19262 | Lair:2   | Somebody: It's probable.
 19267 | Lair:2   | Identified a +2 pair of dwarven boots of running (You acquired it on level 2 of the Lair of Beasts)
 19267 | Lair:2   | Somebody: Congradulations.
 19267 | Lair:2   | PolkaDot: beautiful result!
 19267 | Lair:2   | PolkaDot: swiftness and haste and I'll be uncatachable
 19267 | Lair:2   | PolkaDot: :D
 19338 | Lair:2   | Somebody: Now go and watch my replay. ;p ...lest you will die even more horribly that I anticipate it.
 19340 | Lair:2   | PolkaDot: xD
 19340 | Lair:2   | PolkaDot: sooooon
 19340 | Lair:2   | Somebody: No pressure.
 19362 | Lair:2   | Somebody: It's just that I've been feeling exactly the same way about 10 turns before my unfortunate demise in the rune vault.
 19370 | Lair:2   | Somebody: Why the -MR?
 19370 | Lair:2   | PolkaDot: scroll of vuln
 19390 | Lair:2   | Somebody: Oh.
 19390 | Lair:2   | PolkaDot: good ID, while I was safe
 19430 | Lair:2   | Somebody: I don't see an archway.
 19441 | Lair:2   | PolkaDot: no where near it yet
 19441 | Lair:2   | PolkaDot: look on the map
 19441 | Lair:2   | Somebody: Oh, okay.
 19441 | Lair:2   | PolkaDot: middlish up, far right
 19441 | Lair:2   | PolkaDot: bright blue
 19469 | Lair:2   | Found a frozen archway.
 19531 | Lair:2   | Somebody: You should really inscribe Mut with '!q'.
 19556 | Lair:2   | PolkaDot: Good idea
 19558 | Lair:2   | Somebody: So good, I have my rc file do it automatically.
 19558 | Lair:2   | PolkaDot: Also good idea
 19558 | Lair:2   | PolkaDot: I'll get arouind to fixing that one day
 19559 | IceCv    | Entered an ice cave
 19560 | IceCv    | PolkaDot: ....
 19560 | IceCv    | PolkaDot: ugh
 19560 | IceCv    | Somebody: ;) Easy enough.
 19567 | IceCv    | Somebody: There's going to be two ice statues after the short-range portal, in all likeliness.
 19637 | IceCv    | PolkaDot: Hm
 19637 | IceCv    | Somebody: This square up, it's a portal.
 19637 | IceCv    | PolkaDot: Is it like, a seperare area on the same level
 19637 | IceCv    | Somebody: Yes.
 19637 | IceCv    | PolkaDot: or a new level of cave?
 19637 | IceCv    | PolkaDot: uh-huh
 19637 | IceCv    | Somebody: You can map it, if you can.
 19637 | IceCv    | Somebody: Then, you would probably be able to rTele away.
 19637 | IceCv    | PolkaDot: was gonna try, but I only had one
 19637 | IceCv    | PolkaDot: and I'm not rTele blind
 19637 | IceCv    | Somebody: In any case, can you turn Invisible?
 19637 | IceCv    | PolkaDot: ohhhh
 19637 | IceCv    | Somebody: Statues cannot SInv.
 19637 | IceCv    | PolkaDot: Wait, no I can't
 19637 | IceCv    | PolkaDot: dropped my potions :p
 19685 | IceCv    | PolkaDot: forgot about shields >.>;
 19685 | IceCv    | Somebody: No matter.
 19687 | IceCv    | Somebody: ...as long as you stay out of range of Icicles, you're going to be fine.
 19687 | IceCv    | PolkaDot: range?
 19693 | IceCv    | Somebody: I don't remember, see in '?/S'.
 19710 | IceCv    | Reached skill level 1 in Hexes
 19711 | IceCv    | Somebody: You're looking for "ice".
 19712 | IceCv    | Somebody: Huh. I'll look it up in the IRC.
 19712 | IceCv    | PolkaDot: Eh, I'll just keep at the edge of my spells range
 19745 | IceCv    | PolkaDot: :D
 19745 | IceCv    | Somebody: Good find.
 19745 | IceCv    | Somebody: You have really needed some spells of mass destruction.
 19745 | IceCv    | Somebody: It's not terribly good, but it's a start. :)
 20131 | Lair:2   | Somebody: What have you memorized from it, again?
 20147 | Lair:2   | PolkaDot: Clouds?
 20147 | Lair:2   | PolkaDot: Nothing
 20160 | Lair:2   | Somebody: *All* of them?
 20161 | Lair:2   | Somebody: Oh, okay.
 20172 | Lair:2   | Somebody: I'll leave you for a bit.
 20172 | Lair:2   | Somebody: Oh. Careful.
 20172 | Lair:2   | PolkaDot: 'kay
 20172 | Lair:2   | PolkaDot: I can see it
 20172 | Lair:2   | PolkaDot: it uuuugly
 20172 | Lair:2   | Somebody: Berserked killer bees really hurt.
 20176 | Lair:2   | PolkaDot: I can see
 20187 | Lair:2   | Received a gift from Sif Muna
 20188 | Lair:2   | Identified Sif Muna's Almanac of Damaging Air (Sif Muna gifted it to you on level 2 of the Lair of Beasts)
 20189 | Lair:2   | Somebody: :)
 20189 | Lair:2   | PolkaDot: I used ball lightning once
 20189 | Lair:2   | PolkaDot: it killed me, but I may have been silly about it
 20189 | Lair:2   | Somebody: What's your posthumous opinion of it?
 20189 | Lair:2   | Somebody: ...right.
 20189 | Lair:2   | PolkaDot: Dangerous to the clueless
 20189 | Lair:2   | PolkaDot: Obv powerful and I won't even memorise it without rElec
 20189 | Lair:2   | PolkaDot: I'd liek to know if there's a good way to sue it, though
 20189 | Lair:2   | PolkaDot: use
 20288 | Lair:2   | Somebody: There probably is, but it requires a lot of open space.
 20290 | Lair:2   | PolkaDot: I'll have to experiment in Wizmode one day :)
 20562 | Lair:2   | Somebody: Good luck. See you later.
 20572 | Lair:2   | PolkaDot: \o traa
 20572 | Lair:2   | PolkaDot: Have fun :)
 20631 | Lair:2   | Noticed a five-headed hydra
 20636 | Lair:2   | Killed a five-headed hydra
 21011 | Lair:2   | Reached skill level 11 in Air Magic
 21101 | Lair:3   | Noticed Rupert
 21102 | Lair:3   | Bloax: The man of very !!FUN!! manners.
 21102 | Lair:3   | PolkaDot: Hrm
 21102 | Lair:3   | PolkaDot: I've never faces him as a powerhouse before
 21102 | Lair:3   | PolkaDot: Not sure if I should just blast or not
 21102 | Lair:3   | PolkaDot: though, I can walk away
 21102 | Lair:3   | Bloax: what are your spells
 21102 | Lair:3   | Bloax: you are so going to get smashed if you don't press <
 21102 | Lair:3   | PolkaDot: duly noted, thanks ^_^
 21135 | Lair:3   | Noticed a seven-headed hydra
 21136 | Lair:3   | Bloax: well then
 21138 | Lair:3   | Slain by a seven-headed hydra

Action                   |  1- 3 |  4- 6 |  7- 9 | 10-12 || total
-------------------------+-------+-------+-------+-------++-------
Melee: Unarmed           |    17 |       |    13 |       ||    30
       Short sword       |    39 |    59 |   121 |   246 ||   465
       Long sword        |       |       |       |    31 ||    31
       Falchion          |       |       |       |     7 ||     7
 Cast: Magic Dart        |    23 |    20 |   102 |   312 ||   457
       Searing Ray       |       |    14 |    28 |    82 ||   124
       Iskenderun's Myst |       |     9 |    56 |   142 ||   207
       Iskenderun's Batt |       |       |    19 |    77 ||    96
       Flight            |       |       |       |     6 ||     6
       Repel Missiles    |       |       |       |     2 ||     2
       Fulminant Prism   |       |       |       |     5 ||     5
Invok: Channel Energy    |       |       |       |   129 ||   129
 Abil: End Transformatio |       |       |     2 |       ||     2
       Bat Form          |       |       |     2 |       ||     2
       Bottle Blood      |       |       |       |     7 ||     7
Evoke: Wand              |       |       |       |     6 ||     6
  Use: Potion            |     3 |       |    10 |    16 ||    29
       Scroll            |       |     5 |     9 |    22 ||    36
 Stab: Sleeping          |     4 |     3 |     1 |     4 ||    12
